 Dungeon Crawl Stone Soup version 0.21-a0-583-g2c32b0f (webtiles) character file.

861 Firecrotchwizard the Chopper (level 7, -1/62 HPs)
             Began as a Minotaur Berserker on Dec 20, 2017.
             Was a Priest of Trog.
             Slain by Sigmund
             ... wielding a +0 scythe
              (8 damage)
             ... on level 5 of the Dungeon.
             The game lasted 00:06:49 (3933 turns).

Firecrotchwizard the Chopper (Minotaur Berserker)   Turns: 3933, Time: 00:06:49

Health: -1/62      AC:  9    Str: 22    XL:     7   Next: 71%
Magic:  6/6        EV: 12    Int:  4    God:    Trog [***...]
Gold:   185        SH:  0    Dex: 11    Spells: 6/6 levels left

rFire    x . .     SeeInvis .   a - +0 hand axe
rCold    + . .     Gourm    .   (no shield)
rNeg     . . .     Faith    .   r - +0 scale mail
rPois    .         Spirit   .   (helmet restricted)
rElec    .         Reflect  .   s - +0 cloak
rCorr    .         Harm     .   (no gloves)
MR       ++...                  f - +0 pair of boots
Stlth    ..........             (no amulet)
HPRegen  1.20/turn              j - ring of ice {rC+, rF-}
MPRegen  0.10/turn              (no ring)

@: regenerating
A: retaliatory headbutt, horns 2
a: Berserk, Trog's Hand, Burn Spellbooks, Renounce Religion


You were on level 5 of the Dungeon.
You worshipped Trog.
Trog was most pleased with you.
You were hungry.

You visited 1 branch of the dungeon, and saw 5 of its levels.

You collected 185 gold pieces.

Inventory:

Hand Weapons
 a - a +0 hand axe (weapon)
 p - a +1 long sword of holy wrath
   (You found it on level 3 of the Dungeon)
Armour
 f - a +0 pair of boots (worn)
   (You found it on level 1 of the Dungeon)
 r - a +0 scale mail (worn)
   (You took it off Terence on level 2 of the Dungeon)
 s - a +0 cloak (worn)
   (You found it on level 4 of the Dungeon)
Jewellery
 j - a ring of ice (left hand) {rC+, rF-}
   (You found it on level 4 of the Dungeon)
Wands
 l - a wand of flame (21)
   (You took it off Dowan on level 4 of the Dungeon)
 n - a wand of digging (13)
   (You took it off Terence on level 2 of the Dungeon)
Scrolls
 d - a scroll of remove curse
 k - a scroll of magic mapping {!r}
 m - a scroll of blinking {!r}
 q - a scroll of identify
Potions
 b - a potion of curing {unknown}
 e - a potion of magic {unknown}
 g - a potion of ambrosia {unknown}
 h - 2 potions of agility {unknown}
 i - a potion of cancellation {unknown}
 o - 3 potions of flight
 v - a potion of lignification {unknown}
Comestibles
 c - 5 rations {@e1}


   Skills:
 + Level 5.9 Fighting
 * Level 7.5 Axes
 + Level 5.2 Armour
 + Level 4.8 Dodging


You had 6 spell levels left.
You didn't know any spells.

Dungeon Overview and Level Annotations

Branches:
Dungeon (5/15)
 Temple: D:4-7

Altars:
Nemelex Xobeh
Okawaru
Sif Muna

Annotations:
D:5 Sigmund


Innate Abilities, Weirdness & Mutations

You reflexively headbutt those who attack you in melee.
You have a pair of horns on your head.


Message History

An orc comes into view. It is wielding a dagger.
The orc shouts!
You hear a shout!
The orc throws a stone.
The stone hits you but does no damage.
You see here a stone.
Health restored: 62 The orc throws a stone.
The stone misses you.
You see here a stone.
Sigmund the Dreaded comes into view.
He is wielding a scythe.
The orc throws a stone.
The stone misses you.
Your skin crawls.
You feel resistant to hostile enchantments.
You feel somewhat more hungry.
The orc throws a stone.
The stone hits you but does no damage.
An orc comes into view. It is wielding a flail.
The orc shouts!
Sigmund casts a spell.
Sigmund flickers and vanishes!
Deactivating autopickup; reactivate with Ctrl-A.
The orc hits you but does no damage.
You closely miss the orc. The orc hits you but does no damage.
You hit the orc. The orc misses you.
You hit the orc.
You kill the orc!
Trog accepts your kill. Something barely misses you.
The orc hits you with a flail.
An orc priest comes into view. It is wielding a vampiric trident.
Things that are here:
a dagger; 9 stones; an orc corpse You take 5 damage, and have 57/62 hp.
You hit the orc. You headbutt the orc.
You kill the orc!
Trog accepts your kill.
You barely miss something. Something hits you!
You take 6 damage, and have 51/62 hp.
Something hits you but does no damage.
You see here a flail.
You closely miss something.
The orc priest miscasts a cantrip.
Something hits you but does no damage.
You hit something.
The orc priest hits you from afar with a vampiric trident.
You take 4 damage, and have 50/62 hp.
You completely miss something.
You are feeling hungry.
Something hits you.
The orc priest hits you from afar with a vampiric trident.
You take 3 damage, and have 47/62 hp.
You completely miss something. Something hits you.
The orc priest hits you but does no damage.
You take 4 damage, and have 43/62 hp.
You miss something. Your headbutt misses something.
The orc priest barely misses you.
You hit something. Your headbutt misses something.
You hear some strange, mumbled words.
A puff of flame appears from out of thin air!
The puff of flame hits you! The fire burns you terribly!
You take 3 damage, and have 41/62 hp.
You miss something. You headbutt something.
The orc priest invokes the aid of Beogh against you.
You resist with almost no effort.
You hear some strange, mumbled words.
Something tries to affect you, but you resist.
You miss something. The orc priest barely misses you.
You hear some strange, mumbled words.
A puff of flame appears from out of thin air!
The puff of flame hits you! The fire burns you terribly!
You take 8 damage, and have 34/62 hp.
You hit something.
The orc priest mumbles some strange prayers to Beogh against you.
You resist with almost no effort. Something hits you but does no damage.
You hit something but do no damage.
The orc priest hits you from afar with a vampiric trident.
You closely miss something.
You hear some strange, mumbled words.
A magic dart appears from out of thin air!
The magic dart hits you!
The orc priest mumbles some strange prayers to Beogh against you.
Beogh smites you!
You take 15 damage, and have 20/62 hp.
MASSIVE DAMAGE!!
Something hits you!
* * * LOW HITPOINT WARNING * * *
The orc priest barely misses you. You furiously retaliate!
You headbutt the orc priest.
You take 9 damage, and have 11/62 hp.
You closely miss the orc priest. Your headbutt misses the orc priest.
Something barely misses you. The orc priest barely misses you.
You slash the orc priest!
You kill the orc priest!
Trog accepts your kill.
A magic dart appears from out of thin air!
The magic dart hits you!
* * * LOW HITPOINT WARNING * * *
You see here a vampiric trident {!w}.
You take 9 damage, and have 4/62 hp.
Something hits you but does no damage.
You regained 2 hp, and now have 6/62 hp.
Something hits you!
You die...

#........#
..#...[..# #
#.#......# ..
#.#......# ..# #
#.#......#...#
###.###.#........#
#.......#{.....###.#
.......())@.).......
.#.###.##########.#
#............
#.#(######### #(#
#.# #.# #.# #.#


There were no monsters in sight!

Vanquished Creatures
  The ghost of marcb3 the Magician, an amateur DEFE (D:4)
  Duvessa (D:4)
  A phantom (D:4)
  Dowan (D:4)
  A scorpion (D:4)
  2 orc priests
  2 hounds (D:4)
  A bullfrog skeleton (D:4)
  Terence (D:2)
  A worker ant (D:4)
  A howler monkey skeleton (D:4)
  7 adders
  2 oozes (D:1)
  2 worms
  4 dart slugs
  7 leopard geckos
  10 orcs
  5 giant cockroaches
  16 goblins
  11 hobgoblins
  7 jackals (D:1)
  6 kobolds
  2 ball pythons
  A ball python skeleton (D:4)
  4 bats
  2 frilled lizards (D:2)
  7 rats (D:1)
106 creatures vanquished.

Notes
Turn   | Place    | Note
-------+----------+-------------------------------------------
     0 | D:1      | Firecrotchwizard the Minotaur Berserker began the quest for the Orb.
     0 | D:1      | Reached XP level 1. HP: 19/19 MP: 0/0
    99 | D:1      | Reached skill level 4 in Axes
    99 | D:1      | Reached XP level 2. HP: 19/27 MP: 1/1
   314 | D:1      | Reached XP level 3. HP: 32/33 MP: 2/2
   338 | D:1      | Reached skill level 4 in Fighting
   396 | D:1      | Reached ** piety under Trog
   398 | D:1      | Reached skill level 3 in Armour
   928 | D:2      | Noticed Terence
   946 | D:2      | Killed Terence
   946 | D:2      | Reached skill level 3 in Dodging
   946 | D:2      | Reached XP level 4. HP: 30/40 MP: 3/3
  1175 | D:2      | Reached skill level 5 in Axes
  1399 | D:2      | Found an iron altar of Okawaru.
  1645 | D:3      | Reached XP level 5. HP: 43/47 MP: 4/4
  1688 | D:3      | Reached *** piety under Trog
  2169 | D:3      | Found a deep blue altar of Sif Muna.
  2433 | D:3      | Found a sparkling altar of Nemelex Xobeh.
  2755 | D:4      | Reached skill level 4 in Armour
  2755 | D:4      | Reached XP level 6. HP: 51/55 MP: 5/5
  2938 | D:4      | Reached skill level 5 in Fighting
  3010 | D:4      | Noticed marcb3's ghost (amateur DEFE)
  3017 | D:4      | Reached skill level 6 in Axes
  3026 | D:4      | Killed marcb3's ghost
  3026 | D:4      | Reached skill level 4 in Dodging
  3075 | D:4      | Noticed Duvessa
  3076 | D:4      | Noticed Dowan
  3096 | D:4      | Killed Duvessa
  3096 | D:4      | Reached XP level 7. HP: 40/61 MP: 6/6
  3104 | D:4      | Killed Dowan
  3104 | D:4      | Reached skill level 7 in Axes
  3529 | D:4      | Reached skill level 5 in Armour
  3825 | D:5      | Entered Level 5 of the Dungeon
  3907 | D:5      | Noticed Sigmund
  3928 | D:5      | HP: 11/62 [something (10)]
  3931 | D:5      | HP: 4/62 [something/magic dart (10)]
  3933 | D:5      | Slain by Sigmund

Vault maps used:
D:1:      onia_arrival_handbag
D:2:      okawaru_metal_pillars_1_2, first_ration, uniq_terence
D:3:      cheibrodos_greedy_goblins, led_sif_pool, nrook_loot_triangle,
          nemelex_spade_bored_becter
D:4:      serial_corexii_hall, corexii_hall_statues_x, corexii_hall_statues_i,
          corexii_hall_statues_i, corexii_hall_statues_l,
          corexii_hall_statues_x, corexii_hall_statues_l, uniq_duvessa
D:5:      lemuel_upstairs_altar, nicolae_overflow_quartered_altars,
          serial_shops, nicolae_shop_behind_doors, uniq_pikel, uniq_sigmund

Skill      XL: |  1  2  3  4  5  6  7 |
---------------+----------------------+-----
Axes           | 4 5 6 7 |  7.5
Fighting       | 4 5 |  5.9
Armour         | 3 4 5 |  5.2
Dodging        | 3 4 |  4.8

Action                   |  1- 3 |  4- 6 |  7- 9 || total
-------------------------+-------+-------+-------++-------
Melee: Hand axe          |    90 |   156 |    63 ||   309
       Headbutt          |    13 |    24 |    10 ||    47
Invok: Trog's Hand       |       |     2 |     1 ||     3
  Use: Scroll            |       |       |     7 ||     7
  Eat: Chunk             |       |     3 |     4 ||     7
       Ration            |       |     1 |       ||     1
Armor: Animal skin       |    10 |       |       ||    10
       Ring mail         |     7 |    21 |       ||    28
       Scale mail        |       |    36 |    14 ||    50
Dodge: Dodged            |    49 |    89 |    34 ||   172

Table legend:
 A = Spawn XP
 B = Non-spawn XP
 C = Spawn XP percentage of total XP
 D = Spawn monster count
 E = Non-spawn monster count
 F = Spawn count percentage of total count
 G = Total turns spent on level
                    A         B        C        D         E        F      G
               +---------+---------+-------+---------+---------+-------+---------
         Total |       0 |    1231 |   0.0 |       0 |     106 |   0.0 |  3933
               +---------+---------+-------+---------+---------+-------+---------
           D:1 |       0 |      76 |   0.0 |       0 |      34 |   0.0 |   745
           D:2 |       0 |      91 |   0.0 |       0 |      17 |   0.0 |   898
           D:3 |       0 |     129 |   0.0 |       0 |      32 |   0.0 |   915
           D:4 |       0 |     888 |   0.0 |       0 |      20 |   0.0 |  1267
           D:5 |       0 |      47 |   0.0 |       0 |       3 |   0.0 |   108
               +---------+---------+-------+---------+---------+-------+---------

Vault maps used:
D:1:      onia_arrival_handbag
D:2:      okawaru_metal_pillars_1_2, first_ration, uniq_terence
D:3:      cheibrodos_greedy_goblins, led_sif_pool, nrook_loot_triangle,
          nemelex_spade_bored_becter
D:4:      serial_corexii_hall, corexii_hall_statues_x, corexii_hall_statues_i,
          corexii_hall_statues_i, corexii_hall_statues_l,
          corexii_hall_statues_x, corexii_hall_statues_l, uniq_duvessa
D:5:      lemuel_upstairs_altar, nicolae_overflow_quartered_altars,
          serial_shops, nicolae_shop_behind_doors, uniq_pikel, uniq_sigmund

Table legend:
 A = Turns spent in this place as a percentage of turns spent in the entire game.
 B = Non-inter-level travel turns spent in this place as a percentage of non-inter-level travel turns spent in the entire game.
 C = Inter-level travel turns spent in this place as a percentage of turns spent in this place.
 D = Turns resting spent in this place as a percentage of non-inter-level travel turns spent in this place.
 E = Turns spent auto-exploring this place as a percentage of non-inter-level travel turns spent in this place.
 F = Non-inter-level travel turns spent in this place divided by the number of levels of this place that you've seen.
                   A       B       C       D       E      F
               +-------+-------+-------+-------+-------+----------------------
         Total | 100.0 | 100.0 |   3.7 |  25.3 |  57.6 | 757.4
       Dungeon | 100.0 | 100.0 |   3.7 |  25.3 |  57.6 | 757.4
               +-------+-------+-------+-------+-------+----------------------

Table legend:
 A = Kills in this place as a percentage of kills in entire the game.
 B = Kills by you in this place as a percentage of kills by you in the entire game.
 C = Kills by friends in this place as a percentage of kills by friends in the entire game.
 D = Other kills in this place as a percentage of other kills in the entire game.
 E = Experience gained in this place as a percentage of experience gained in the entire game.
 F = Experience gained in this place divided by the number of levels of this place that you have seen.
                   A       B       C       D       E      F
               +-------+-------+-------+-------+-------+----------------------
         Total | 100.0 | 100.0 |   N/A |   N/A | 100.0 | 246.2
       Dungeon | 100.0 | 100.0 |   N/A |   N/A | 100.0 | 246.2
               +-------+-------+-------+-------+-------+----------------------
